 Dungeon Crawl Stone Soup version 0.28.0-53-g5a82cb258f (webtiles) character file.

Game seed: 10349110266490311991

37 Stomo the Skirmisher (level 3, 0/20 HPs)
             Began as a Vine Stalker Fighter on June 21, 2022.
             Slain by Terence
             ... wielding a +0 morningstar
              (9 damage)
             ... on level 2 of the Dungeon.
             The game lasted 00:01:49 (1506 turns).

Stomo the Skirmisher (Vine Stalker Fighter)         Turns: 1506, Time: 00:01:50

Health: 0/20       AC:  6    Str: 20    XL:     3   Next: 39%
Magic:  0/4        EV: 10    Int:  8    God:
Gold:   27         SH:  0    Dex: 13    Spells: 2/2 levels left

rFire   . . .      SeeInvis .   a - +0 flail
rCold   + . .      Faith    .   (no shield)
rNeg    . . .      Spirit   +   b - +0 scale mail
rPois   .          Reflect  .   (no helmet)
rElec   .          Harm     .   (no cloak)
rCorr   .          Rampage  .   (no gloves)
Will    .....                   (no boots)
Stlth   ..........              (no amulet)
HPRegen 0.06/turn               f - ring of protection from cold
MPRegen 0.09/turn               (no ring)

@: no status effects
A: fangs 2, magic shield, antimagic bite, no potion heal 2
a: no special abilities


You were on level 2 of the Dungeon.
You visited 1 branch of the dungeon, and saw 2 of its levels.

You collected 27 gold pieces.

Inventory:

Hand Weapons
 a - a +0 flail (weapon)
Armour
 b - a +0 scale mail (worn)
 c - a +0 buckler
Jewellery
 f - a ring of protection from cold (left hand)
 g - a ring of fire
Scrolls
 h - 2 scrolls of identify {unknown}
Potions
 d - a potion of might
 e - a potion of haste {unknown}
 i - a potion of curing {unknown}


   Skills:
 + Level 3.0 Fighting
 + Level 2.2 Maces & Flails
 + Level 2.7 Armour
 + Level 0.9 Dodging
 - Level 2.6 Shields


You had 2 spell levels left.
You didn't know any spells.
Your spell library was empty.

Dungeon Overview and Level Annotations

Branches:
Dungeon (2/15)

Altars:
Wu Jian

Annotations:
D:2 Terence


Innate Abilities, Weirdness & Mutations

You have extremely sharp teeth.
When hurt, damage is shared between your health and your magic reserves.
Your bite disrupts and absorbs the magic of your enemies.
Potions cannot restore your health.


Message History

An adder is nearby!
You sock the adder! You bite the adder.
You kill the adder!
You see here an adder corpse.
Terence the Incautious comes into view.
He is wielding a +0 morningstar and wearing a +2 chain mail of willpower.
Terence shouts!
Terence is nearby!
Terence is nearby!
Terence is nearby!
Sorry, you're not good enough to have a special ability.
Okay, then.
Sorry, you're not good enough to have a special ability.
You barely miss Terence. Terence closely misses you.
You hit Terence but do no damage. Your punch misses Terence.
Your bite misses Terence. Terence closely misses you.
You hit Terence.
Terence is moderately wounded.
Terence misses you.
You hit Terence but do no damage. You bite Terence, but do no damage.
Terence is moderately wounded.
Terence hits you with a +0 morningstar. x2
You hit Terence. You bite Terence, but do no damage.
Terence is heavily wounded.
Terence hits you but does no damage.
You barely miss Terence.
Terence is heavily wounded.
Terence hits you with a +0 morningstar!
You closely miss Terence. You bite Terence, but do no damage.
Terence is moderately wounded.
Terence barely misses you. Terence hits you but does no damage.
You hit Terence but do no damage. Your bite misses Terence.
Terence is moderately wounded.
Terence closely misses you.
You sock Terence! You punch Terence. You bite Terence, but do no damage.
Terence is almost dead.
Terence closely misses you.
You hit Terence but do no damage. You bite Terence, but do no damage.
Terence is almost dead.
Terence hits you with a +0 morningstar!
You die...

#.....#####
##......#.....
#.####.#.#...
#.####.#.#..
#....#.#.#.. #
#......#.#.# .#
#.##.###.#.#..#.#
##.#...#......#
#......@@...#
#..#...........
#..#......#....
#.........# ##.
#.##...#### #.
###.# #. #.. #.
####


You could see Terence.

Vanquished Creatures
  An adder (D:2)
  A dart slug (D:1)
  2 endoplasms (D:1)
  A giant cockroach (D:1)
  A goblin (D:1)
  4 hobgoblins (D:1)
  A quokka (D:1)
  2 ball pythons
  4 bats
  5 kobolds (D:1)
  3 rats (D:1)
25 creatures vanquished.

Notes
Turn   | Place    | Note
-------+----------+-------------------------------------------
     0 | D:1      | Stomo the Vine Stalker Fighter began the quest for the Orb.
     0 | D:1      | Reached XP level 1. HP: 11/11 MP: 2/2
    56 | D:1      | Found a faded altar of an unknown god.
   195 | D:1      | Reached XP level 2. HP: 13/16 MP: 3/3
   912 | D:1      | Reached XP level 3. HP: 19/19 MP: 4/4
   955 | D:1      | Reached skill level 3 in Fighting
  1444 | D:2      | Found an ornate altar of the Wu Jian Council.
  1493 | D:2      | Noticed Terence
  1506 | D:2      | Slain by Terence

Illustrated notes

Levels and vault maps discovered:
D:1:      lemuel_arrival_room, layout_loops_corners,
          shapermc_ecumenical_altar_notcrosses
D:2:      layout_basic, serial_shops, nicolae_shop_stone, basic_altar,
          uniq_terence

Skill      XL: |  1  2  3 |
---------------+----------+-----
Maces & Flails | 2 |  2.2
Fighting       | 3 |  3.0
Armour         | |  2.7
Dodging        | |  0.9
Shields        | |  2.6

Action                   || total
-------------------------++-------
Melee: Flail             ||    83
       Bite              ||    17
       Punch             ||     1
Armor: Scale mail        ||    36
Dodge: Dodged            ||    42
Block: Buckler           ||     2
